 Dungeon Crawl Stone Soup version 0.20.1-1-g8b1a95d (webtiles) character file.

77 WiZmei the Skirmisher (level 4, -2/41 HPs)
             Began as a Minotaur Berserker on Nov 28, 2017.
             Was a Believer of Trog.
             Slain by a gnoll
             ... wielding a +0 spear
              (5 damage)
             ... on level 2 of the Dungeon.
             The game lasted 00:08:14 (1120 turns).

WiZmei the Skirmisher (Minotaur Berserker)          Turns: 1120, Time: 00:08:15

Health: -2/41      AC:  6    Str: 22    XL:     4   Next: 14%
Magic:  3/3        EV: 11    Int:  4    God:    Trog [**....]
Gold:   78         SH:  0    Dex: 10    Spells: 3/3 levels left

rFire    . . .     SeeInvis .   a - +1 spear
rCold    . . .     Gourm    .   (no shield)
rNeg     . . .     Faith    .   l - +0 scale mail
rPois    .         Spirit   .   (helmet restricted)
rElec    .         Reflect  .   (no cloak)
rCorr    .         Harm     .   (no gloves)
MR       .....                  (no boots)
Stlth    ..........             (no amulet)
Regen    0.2/turn               (no ring)
MPRegen  0.1/turn               (no ring)

@: no status effects
A: retaliatory headbutt, horns 2
a: Berserk, Trog's Hand, Burn Spellbooks, Renounce Religion


You were on level 2 of the Dungeon.
You worshipped Trog.
Trog was pleased with you.
You were not hungry.

You visited 1 branch of the dungeon, and saw 2 of its levels.

You collected 78 gold pieces.

Inventory:

Hand Weapons
 a - a +1 spear (weapon)
 h - a +0 hunting sling
Missiles
 e - 49 stones (quivered)
Armour
 l - a +0 scale mail (worn)
Scrolls
 d - a scroll of identify
Potions
 f - a potion of curing
 g - a potion of berserk rage
Comestibles
 c - 3 bread rations
 i - 2 fruits
 j - 5 chunks of flesh
 k - a royal jelly


   Skills:
 + Level 4.6 Fighting
 + Level 4.4 Polearms
 + Level 2.8 Armour
 + Level 3.1 Dodging


You had 3 spell levels left.
You didn't know any spells.

Dungeon Overview and Level Annotations

Branches:
Dungeon (2/15)

Altars:


Innate Abilities, Weirdness & Mutations

You reflexively headbutt those who attack you in melee.
You have a pair of horns on your head.


Message History

You throw a stone. The stone barely misses the gnoll.
The stone closely misses the gnoll.
The gnoll hits you from afar with a spear.
The gnoll hits you from afar with a halberd!
* * * LOW HITPOINT WARNING * * *
The gnoll hits you with a spear.
* * * LOW HITPOINT WARNING * * *
The gnoll barely misses you. You furiously retaliate!
You headbutt the gnoll.
The gnoll hits you from afar with a spear.
* * * LOW HITPOINT WARNING * * *
You see here a robe.
The gnoll hits you from afar with a spear.
* * * LOW HITPOINT WARNING * * *
The gnoll completely misses you. The gnoll barely misses you.
The gnoll hits you from afar with a spear.
* * * LOW HITPOINT WARNING * * *
The gnoll completely misses you.
The gnoll hits you from afar with a spear.
You die...

# #.#
#.#######.
#.#
#.........
#.#
#######†..
#.# #.#. #.#
#.#. #.# #.#.
#.# #.#. #
#.# #.##
#####.#@#####
#.#
#........gg.#
#.#
#.#########.#
####. ####
#.# #.... ..#
#g# #...# #.#
#g# #...#
#÷####.#
#...#
#..g...#
#...#
#.g#####


You could see 2 gnolls.

Vanquished Creatures
  Terence (D:2)
  An adder (D:2)
  2 leopard geckos (D:1)
  6 bats
  2 giant cockroaches (D:1)
  3 goblins
  4 hobgoblins
  8 jackals (D:1)
  A quokka (D:2)
  A ball python (D:2)
  A frilled lizard (D:1)
  A kobold (D:1)
  8 rats
39 creatures vanquished.

Notes
Turn   | Place    | Note
-------+----------+-------------------------------------------
     0 | D:1      | WiZmei the Minotaur Berserker began the quest for the Orb.
     0 | D:1      | Reached XP level 1. HP: 19/19 MP: 0/0
    46 | D:1      | Reached XP level 2. HP: 15/27 MP: 1/1
   283 | D:1      | Reached ** piety under Trog
   343 | D:1      | Reached XP level 3. HP: 24/33 MP: 2/2
   928 | D:2      | Noticed Terence
   940 | D:2      | Killed Terence
  1070 | D:2      | Reached XP level 4. HP: 41/41 MP: 3/3
  1110 | D:2      | HP: 2/41 [gnoll/spear (2)]
  1120 | D:2      | Slain by a gnoll

Skill      XL: |  1  2  3 |
---------------+----------+-----
Fighting       | 4 |  4.6
Polearms       | 4 |  4.4
Dodging        | 3 |  3.1
Armour         | |  2.8

Action                   |  1- 3 |  4- 6 || total
-------------------------+-------+-------++-------
Melee: Spear             |    82 |     2 ||    84
       Headbutt          |    16 |       ||    16
Throw: Stone             |       |     8 ||     8
  Use: Scroll            |     8 |       ||     8
  Eat: Fruit             |     1 |       ||     1
Armor: Animal skin       |    16 |       ||    16
       Scale mail        |     9 |       ||     9
Dodge: Dodged            |    71 |    14 ||    85
